 Dungeon Crawl Stone Soup version 0.28-a0-863-g8cecda6153 (webtiles) character file.

Game seed: 3724643849530654303

168 demibob the Twirler (level 5, 0/57 HPs)
             Began as a Demonspawn Gladiator on Nov 19, 2021.
             Slain by an ufetubus (2 damage)
             ... summoned by Eustachio
             ... on level 4 of the Dungeon.
             The game lasted 00:05:03 (2336 turns).

demibob the Twirler (Demonspawn Gladiator)          Turns: 2336, Time: 00:05:03

Health: 0/57       AC:  9    Str: 12 (15) XL:     5   Next: 24%
Magic:  0/5        EV: 12    Int:  7 (10) God:
Gold:   115        SH:  0    Dex: 11 (14) Spells: 4/4 levels left

rFire   . . .      SeeInvis +   a - +0 quarterstaff
rCold   . . .      Faith    .   (shield currently unavailable)
rNeg    . . .      Spirit   +   b - +0 leather armour
rPois   +          Reflect  .   c - +1 helmet
rElec   +          Harm     .   (no cloak)
rCorr   .          Rampage  .   (no gloves)
Will    .....                   (no boots)
Stlth   ..........              h - amulet of guardian spirit
HPRegen 0.19/turn               P - ring of poison resistance
MPRegen 0.09/turn               v - ring of see invisible

@: berserking (expiring), very quick
A: thin metallic scales 3, powered by pain 1
a: no special abilities


You were on level 4 of the Dungeon.
You visited 1 branch of the dungeon, and saw 4 of its levels.

You collected 115 gold pieces.


Innate Abilities, Weirdness & Mutations

You are completely covered in thin metallic scales. (AC +4, rElec)
You sometimes gain a little power by taking damage.


   Skills:
 - Level 2.0 Fighting
 + Level 5.4 Staves
 - Level 1.7 Throwing
 - Level 2.6 Dodging


You had 4 spell levels left.
You didn't know any spells.
Your spell library contained the following spells:

 Spells                   Type           Power      Damage    Failure   Level
 Portal Projectile        Hex/Tloc       0%         N/A       87%         3
 Petrify                  Tmut/Erth      0%         N/A       99%         4
 Blade Hands              Tmut           0%         N/A       100%        5
 Excruciating Wounds      Necr           0%         N/A       100%        5
 Metabolic Englaciation   Hex/Ice        0%         N/A       100%        5
 Statue Form              Tmut/Erth      0%         N/A       100%        6

Inventory:

Hand Weapons
 a - a +0 quarterstaff (weapon)
Missiles
 d - 2 throwing nets (quivered) {=f}
Armour
 b - a +0 leather armour (worn)
 c - a +1 helmet (worn)
Jewellery
 h - an amulet of guardian spirit (around neck)
 v - a ring of see invisible (right hand)
 P - a ring of poison resistance (left hand)
Potions
 g - a potion of degeneration
 j - a potion of heal wounds {unknown}

Dungeon Overview and Level Annotations

Branches:
Dungeon (4/15)
 Temple: D:4-7

Altars:
Okawaru
Wu Jian

Shops:
D:1 [   D:3 ?

Annotations:
D:2 Sigmund
D:4 Eustachio

......###.####...#
......#..........#
......#..........#
......#...##.....#
....$.#..r##.....##
......#...#.......#
.....r##r###...@ยง.#
....@rrr...####r#######+##.
.......@......r5@..........
..............w5...........
...........................
.......................o...
#'#######'##.....##'#######
.. ...#.....#......... .
..#.....#.........
#.....#)........
#.....#.........


You could see Eustachio, a shadow imp (summoned), a dart slug, an orc, an
ufetubus (summoned) and 2 rats.


Message History

You thump the lemure!
You kill the lemure!
That felt strangely unrewarding.
The ufetubus closely misses you. The ufetubus misses you.
The adder bites you but does no damage. The shadow imp misses you.
You are too berserk!
You are too berserk!
You closely miss the rat. The ufetubus closely misses you.
The ufetubus barely misses you. The adder barely misses you.
The shadow imp hits you but does no damage.
You hit the adder.
The adder is heavily wounded.
The ufetubus misses you. The ufetubus barely misses you.
The rat barely misses you. The adder closely misses you.
An orc comes into view. It is wielding a +3 short sword.
You miss the adder.
The adder is heavily wounded.
The ufetubus barely misses you.
The ufetubus hits you but does no damage.
Eustachio yells, "Perjured traitor, DIE!"
The shadow imp gestures at you.
You barely resist. The adder bites you.
* * * LOW HITPOINT WARNING * * *
The rat barely misses you.
You thump the adder!
You kill the adder!
The ufetubus hits you.
* * * LOW HITPOINT WARNING * * *
The ufetubus hits you.
You die...

Skill      XL: |  1  2  3  4 |
---------------+-------------+-----
Staves         | 3 4 5 |  5.4
Fighting       | |  2.0
Throwing       | |  1.7
Dodging        | |  2.6

Action                   |  1- 3 |  4- 6 || total
-------------------------+-------+-------++-------
Melee: Quarterstaff      |    64 |   101 ||   165
Throw: Throwing net      |       |     1 ||     1
  Use: Scroll            |       |     3 ||     3
       Potion            |       |     4 ||     4
 Stab: Sleeping          |     1 |       ||     1
       Held in net/web   |       |     1 ||     1
Armor: Leather armour    |    25 |    49 ||    74
Dodge: Dodged            |    51 |    85 ||   136

Levels and vault maps discovered:
D:1:      evilmike_arrival_plus, layout_basic, serial_shops,
          nicolae_shop_hallway_plus
D:2:      layout_basic, hellmonk_ecumenical_altar_pennies_from_heaven,
          minmay_unequal, uniq_sigmund
D:3:      layout_basic, mainiacjoe_overflow_divided_tiny, serial_shops, shop,
          minmay_misc_feat_more_columns
D:4:      layout_gridville, uniq_eustachio, uniq_pikel

Notes
Turn   | Place    | Note
-------+----------+-------------------------------------------
     0 | D:1      | demibob the Demonspawn Gladiator began the quest for the
                  | Orb.
     0 | D:1      | Reached XP level 1. HP: 16/16 MP: 1/1
    91 | D:1      | Found Azioceixta's Antique Armour Emporium.
   192 | D:1      | Reached skill level 3 in Staves
   271 | D:1      | Gained mutation: You are partially covered in thin metallic
                  | scales. (AC +2) [demonic ancestry]
   271 | D:1      | Reached XP level 2. HP: 17/22 MP: 2/2
  1021 | D:2      | Gained mutation: You are mostly covered in thin metallic
                  | scales. (AC +3) [demonic ancestry]
  1021 | D:2      | Reached XP level 3. HP: 27/27 MP: 3/3
  1075 | D:2      | Reached skill level 4 in Staves
  1075 | D:2      | Gained mutation: You are completely covered in thin
                  | metallic scales. (AC +4, rElec) [demonic ancestry]
  1075 | D:2      | Reached XP level 4. HP: 30/33 MP: 4/4
  1142 | D:2      | Noticed Sigmund
  1260 | D:3      | Found Fistri's Magic Scroll Shoppe.
  1633 | D:3      | Found an ornate altar of the Wu Jian Council.
  1634 | D:3      | Found an iron altar of Okawaru.
  2073 | D:4      | Noticed Eustachio
  2293 | D:4      | Noticed a lemure
  2306 | D:4      | Reached skill level 5 in Staves
  2306 | D:4      | Gained mutation: You sometimes gain a little power by
                  | taking damage. [demonic ancestry]
  2306 | D:4      | Reached XP level 5. HP: 22/38 MP: 2/5
  2332 | D:4      | Killed a lemure
  2335 | D:4      | HP: 4/57 [adder (3)]
  2336 | D:4      | Slain by an ufetubus

Vanquished Creatures
  A lemure (D:4)
  2 howler monkeys
  A hound (D:4)
  A hound skeleton (D:4)
  An adder (D:4)
  2 dart slugs
  An orc (D:3)
  9 ball pythons
  3 endoplasms
  5 giant cockroaches
  4 goblins
  5 hobgoblins
  5 kobolds
  2 quokkas
  4 bats
  A frilled lizard (D:2)
  3 rats (D:3)
50 creatures vanquished.

Table legend: (Time is in decaauts)
 A = Elapsed time spent in this place.
 B = Non-inter-level travel time spent in this place.
 C = Inter-level travel time spent in this place.
 D = Time resting spent in this place.
 E = Time spent auto-exploring this place.
 F = Levels seen in this place.
 G = Mean time per level.
                   A        B        C        D        E       F      G
               +--------+--------+--------+--------+--------+-----+--------+
         Total |   2345 |   2295 |     50 |    191 |   1647 |   4 |  586.2 |
       Dungeon |   2345 |   2295 |     50 |    191 |   1647 |   4 |  586.2 |
               +--------+--------+--------+--------+--------+-----+--------+

Top non-repeatable levels by time:
     D:1: 948 daAuts
     D:3: 766 daAuts
     D:4: 400 daAuts
     D:2: 230 daAuts

Table legend:
 A = Non-vault XP
 B = Vault XP
 C = Vault XP percentage of total XP
 D = Non-vault monster count
 E = Vault monster count
 F = Vault count percentage of total count
                 A         B        C        D         E       F
            +---------+---------+-------+---------+---------+-------
      Total |     254 |       0 |   0.0 |      49 |       0 |   0.0
            +---------+---------+-------+---------+---------+-------
        D:1 |      29 |       0 |   0.0 |      16 |       0 |   0.0
        D:2 |      72 |       0 |   0.0 |      10 |       0 |   0.0
        D:3 |      23 |       0 |   0.0 |      14 |       0 |   0.0
        D:4 |     130 |       0 |   0.0 |       9 |       0 |   0.0
            +---------+---------+-------+---------+---------+-------
